 Dungeon Crawl Stone Soup version 0.23.0 (webtiles) character file.

Game seed: 11697553312523731052

10789 doot the Nimble (level 11, 0/68 HPs)
             Began as a Tengu Monk on Feb 18, 2019.
             Was an Elder of Vehumet.
             Shot with a bolt by an orc warrior (5 damage)
             ... while paralysed by an orc sorcerer
             ... on level 2 of the Orcish Mines.
             The game lasted 00:52:32 (15850 turns).

doot the Nimble (Tengu Monk)                       Turns: 15850, Time: 00:52:33

Health: 0/68       AC:  7    Str: 13    XL:     11   Next: 67%
Magic:  15/15      EV:  2    Int: 15    God:    Vehumet [****..]
Gold:   883        SH:  0    Dex: 19    Spells: 13/14 levels left

rFire    . . .     SeeInvis .   b - +5 falchion of Plog {slice, +Inv rPois rC++}
rCold    + + +     Gourm    .   (no shield)
rNeg     . . .     Faith    .   r - +3 leather armour {rC+}
rPois    +         Spirit   .   (helmet restricted)
rElec    .         Reflect  +   (no cloak)
rCorr    .         Harm     .   h - +0 pair of gloves
MR       .....                  (boots unavailable)
Stlth    ++++......             H - +5 amulet of reflection
HPRegen  0.21/turn              q - +3 ring of dexterity
MPRegen  0.14/turn              y - +2 ring of strength

@: paralysed, flying quickly and evasively, quick
A: beak, talons 3, able to fly
a: Stop Flying, Renounce Religion, Evoke Invisibility


You were on level 2 of the Orcish Mines.
You worshipped Vehumet.
Vehumet was greatly pleased with you.
You were not hungry.

You visited 3 branches of the dungeon, and saw 15 of its levels.
You also visited: Sewer and Ossuary.

You collected 883 gold pieces.

Inventory:

Hand Weapons
 a - a +0 blowgun
 b - the +5 falchion of Plog (weapon) {slice, +Inv rPois rC++}
   (You took it off a big kobold on level 7 of the Dungeon)

   It inflicts extra damage upon your enemies.
   It greatly protects you from cold.
   It protects you from poison.
   It lets you turn invisible.
 d - a +3 dagger of venom
 g - a +0 mace
 m - a +2 dagger of draining
 w - a +1 war axe of flaming
 I - a +2 dagger of holy wrath
Missiles
 i - 45 poisoned needles
Armour
 h - a +0 pair of gloves (worn)
 r - a +3 leather armour of cold resistance (worn)
 E - a +0 robe
Jewellery
 q - a +3 ring of dexterity (left hand)
 y - a +2 ring of strength (right hand)
 H - a +5 amulet of reflection (around neck)
 X - an uncursed ring of protection from cold
Wands
 u - a wand of enslavement (6)
 B - a wand of scattershot (13)
 D - a wand of disintegration (22)
 R - a wand of iceblast (6)
 T - a wand of digging (6)
 W - a wand of paralysis (12)
Scrolls
 f - 5 scrolls of fog
 n - 9 scrolls of remove curse
 p - 5 scrolls of enchant armour
 s - a scroll of summoning {unknown}
 t - 2 scrolls of enchant weapon
 x - 3 scrolls of teleportation
 A - 3 scrolls of random uselessness {unknown}
 F - 3 scrolls of magic mapping {unknown}
 G - a scroll of fear {unknown}
 J - a scroll of blinking {unknown}
 L - 3 scrolls of immolation {unknown}
 N - 2 scrolls of amnesia
 P - 3 scrolls of noise {unknown}
 S - a scroll of holy word {unknown}
Potions
 e - 3 potions of heal wounds
 j - 4 potions of flight
 k - 5 potions of agility
 l - 14 potions of curing
 o - a potion of berserk rage
 v - 2 potions of haste
 z - 3 potions of invisibility
 K - a potion of ambrosia
 M - a potion of mutation
 O - a potion of lignification
 Q - a potion of brilliance
 V - a potion of magic {unknown}
Comestibles
 c - 18 rations


   Skills:
 + Level 8.3 Fighting
 + Level 7.2(9.1) Short Blades
 + Level 8.5(9.7) Long Blades
 + Level 4.1 Maces & Flails
 + Level 4.2 Throwing
 + Level 5.0 Armour
 + Level 8.9 Dodging
 + Level 7.6 Stealth
 + Level 2.1 Spellcasting
 + Level 1.7 Conjurations
 + Level 1.1 Fire Magic
 + Level 1.8 Evocations


You had 13 spell levels left.
You knew the following spells:

 Your Spells              Type           Power        Failure   Level  Hunger
a - Flame Tongue          Conj/Fire      #....        4%          1    #......

Your spell library contained the following spells:

 Spells                   Type           Power        Failure   Level  Hunger
 Yara's Violent Unravell  Hex/Tmut       #.........   85%         5    ######.
 Throw Flame              Conj/Fire      #.....       6%          2    ###....
 Conjure Flame            Conj/Fire      #.......     12%         3    ###....
 Dazzling Spray           Conj/Hex       #.....       16%         3    ###....
 Inner Flame              Hex/Fire       #.......     17%         3    ###....
 Corona                   Hex            #......      26%         1    #......
 Sticky Flame             Conj/Fire      #.......     36%         4    #####..
 Ensorcelled Hibernation  Hex/Ice        #.....       38%         2    ###....
 Confuse                  Hex            #.......     63%         3    ###....
 Tukima's Dance           Hex            #.......     63%         3    ###....
 Fireball                 Conj/Fire      #.........   67%         5    ######.
 Irradiate                Conj/Tmut      #.........   75%         5    ######.
 Hydra Form               Tmut           #.........   100%        6    #######
 Statue Form              Tmut/Erth      #........    100%        6    #######
 Dragon Form              Tmut           #.........   100%        7    #######


Dungeon Overview and Level Annotations

Branches:
Dungeon (12/15)            Temple (1/1) D:7            Lair (0/6) D:8
    Orc (1/2) D:12

Altars:
Ashenzari
Cheibriados
Dithmenos
Elyvilon
Fedhas
Gozag
Hepliaklqana
Kikubaaqudgha
Makhleb
Nemelex Xobeh
Okawaru
Qazlal
Ru
Sif Muna
Trog
Uskayaw
Vehumet
Wu Jian
Xom
Yredelemnul
Zin
The Shining One

Shops:
D:12 :   Orc:1 *

Portals:
Trove: D:10 (give 17 scrolls of teleportation)

Annotations:
D:3 1 runed translucent door, doot's ghost, weakling TeMo
D:9 2 transporters


Innate Abilities, Weirdness & Mutations

You have a beak for a mouth.
You have claws for feet.
You can fly continuously.


Message History

Unknown command.
As you read the scroll of teleportation, it crumbles to dust.
You feel strangely unstable.
An orc knight comes into view. It is wielding a +0 long sword.
The centaur unwields a +0 shortbow.
The centaur misses you.
The orc sorcerer points at you and mumbles some strange words.
You suddenly lose the ability to move!
The orc knight shouts!
An orc comes into view. It is wielding a +0 hand axe.
The centaur hits you.
* * * LOW HITPOINT WARNING * * *
An orc priest comes into view. It is wielding a +0 mace.
Your surroundings suddenly seem different.
An orc warrior comes into view. It is wielding a +0 battleaxe.
The orc warrior shouts! x2
The orc shoots a bolt.
The bolt hits you!
* * * LOW HITPOINT WARNING * * *
You hear a splash.
The orc warrior shoots a bolt.
The bolt hits you.
You die...

##...###..o##o.##..##.(.#
...≈≈ #≈≈.o........##).#
.c≈≈ #≈≈≈..........#..#
≈≈≈ ##≈≈≈≈.))(.......#
≈≈# ###≈≈≈≈(.....#..#
####≈≈≈≈.....#..#
....oo..........#
...oo...........#
#≈≈≈@.....#..#
#≈≈≈≈......#..#
#≈≈≈≈...........#
≈≈≈....o.....#.
≈≈..........##
...##..##..## ... ..o ...
.. .... ....


You could see an orc knight, 4 orc warriors and 2 orcs.

Vanquished Creatures
  An ugly thing (D:12)
  A komodo dragon (D:8)
  A queen bee (D:9)
  2 trolls
  A hippogriff (D:9)
  A wraith (D:9)
  Grum (D:9)
  A hungry ghost (D:11)
  4 wargs (D:12)
  3 water moccasins
  7 orc warriors
  4 ice beasts
  A sky beast (D:10)
  An eye of draining (D:9)
  2 black bears
  6 phantoms
  7 ogres
  2 necrophages
  3 wolves (D:9)
  11 centaurs
  A crocodile (D:12)
  3 big kobolds
  4 bullfrogs
  A wyvern zombie (D:10)
  2 scorpions
  21 killer bees
  3 howler monkeys (D:9)
  3 crimson imps
  2 centaur zombies
  A human zombie (Ossuary)
  3 hounds
  8 orc priests
  5 jellies
  19 orc wizards
  4 iguanas
  12 worker ants
  Ijyb (D:3)
  3 big kobold zombies (Ossuary)
  A hound skeleton (D:8)
  2 mummies (Ossuary)
  3 worker ant zombies
  13 adders
  10 river rats (Sewer)
  A shadow imp (D:7)
  2 oozes (Sewer)
  2 adder zombies
  3 adder skeletons
  7 worms
  2 leopard geckos (D:6)
  63 orcs
  3 giant cockroaches
  12 goblins
  17 hobgoblins
  19 jackals
  2 quokkas
  8 ball pythons
  8 bats
  9 frilled lizards
  A giant cockroach zombie (D:6)
  2 goblin zombies (Ossuary)
  8 hobgoblin zombies (Ossuary)
  2 jackal zombies (Ossuary)
  22 kobolds
  9 kobold zombies (Ossuary)
  A leopard gecko skeleton (D:4)
  9 orc zombies (Ossuary)
  A quokka skeleton (D:5)
  21 rats
  A rat zombie (Ossuary)
420 creatures vanquished.

Vanquished Creatures (others)
  5 dream sheep (D:9)
  An orc warrior (Orc:2)
  An orc wizard (D:4)
  3 orcs (Orc:2)
  A plant (D:8)
11 creatures vanquished.

Grand Total: 431 creatures vanquished

Notes
Turn   | Place    | Note
-------+----------+-------------------------------------------
     0 | D:1      | doot the Tengu Monk began the quest for the Orb.
     0 | D:1      | Reached XP level 1. HP: 14/14 MP: 2/2
     1 | D:1      | Noticed an ice dragon
     3 | D:1      | Noticed a shadow dragon
     5 | D:1      | Noticed a large abomination
     6 | D:1      | Noticed a large abomination
    10 | D:1      | Noticed a large abomination
    12 | D:1      | Noticed a tentacled monstrosity
    14 | D:1      | Noticed a large abomination
    14 | D:1      | Noticed an ice dragon
    16 | D:1      | Noticed a shadow dragon
    16 | D:1      | Noticed a tentacled monstrosity
    18 | D:1      | Noticed a shadow dragon
    20 | D:1      | Noticed a shadow dragon
   152 | D:2      | Reached XP level 2. HP: 15/19 MP: 3/3
   456 | D:2      | Reached XP level 3. HP: 20/23 MP: 4/4
   727 | D:3      | Reached XP level 4. HP: 14/28 MP: 5/5
   918 | D:3      | Found a glowing drain.
   938 | Sewer    | Entered a sewer
  1258 | Sewer    | Reached skill level 1 in Short Blades
  1258 | Sewer    | Gained mutation: You can fly continuously. [Tengu growth]
  1258 | Sewer    | Reached XP level 5. HP: 16/33 MP: 6/6
  2107 | Sewer    | Noticed a big kobold
  2127 | Sewer    | Killed a big kobold
  2127 | Sewer    | Reached XP level 6. HP: 23/38 MP: 4/7
  2549 | D:3      | Noticed Ijyb
  2638 | D:3      | Killed Ijyb
  3045 | D:4      | Reached skill level 5 in Dodging
  3510 | D:4      | Noticed a phantom
  3526 | D:4      | Killed a phantom
  3526 | D:4      | Reached XP level 7. HP: 30/44 MP: 8/8
  3971 | D:5      | Entered Level 5 of the Dungeon
  4070 | D:5      | Reached skill level 1 in Armour
  4183 | D:5      | Reached skill level 1 in Throwing
  4401 | D:5      | Reached XP level 8. HP: 43/48 MP: 9/9
  4496 | D:5      | Reached skill level 5 in Fighting
  4567 | D:5      | Found a sand-covered staircase.
  4575 | Ossuary  | Entered an ossuary
  5015 | Ossuary  | Reached skill level 5 in Short Blades
  5448 | D:4      | Found a deep blue altar of Sif Muna.
  5476 | D:4      | Identified Sif Muna's Guide on Fire
  6225 | D:7      | Reached XP level 9. HP: 54/54 MP: 10/10
  6790 | D:7      | Reached skill level 5 in Stealth
  6805 | D:7      | Identified the +5 falchion of Plog {slice, +Inv rPois rC++}
  6808 | D:7      | Found a staircase to the Ecumenical Temple.
  6817 | Temple   | Entered the Ecumenical Temple
  8097 | D:4      | Learned a level 1 spell: Flame Tongue
  8200 | D:3      | Found a runed translucent door.
  8202 | D:3      | Noticed doot's ghost (weakling TeMo)
  9391 | D:1      | Reached skill level 1 in Long Blades
  9936 | D:8      | Found a shadowy altar of Dithmenos.
  9942 | D:8      | Found a radiant altar of Vehumet.
  9944 | D:8      | Found a blossoming altar of Fedhas.
  9952 | D:8      | Found a burning altar of Makhleb.
  9953 | D:8      | Found an opulent altar of Gozag.
  9957 | D:8      | Became a worshipper of Vehumet
  9957 | D:8      | Reached * piety under Vehumet
  9957 | D:8      | Offered knowledge of Sandblast by Vehumet.
  9957 | D:8      | Reached ** piety under Vehumet
 10181 | D:8      | Offered knowledge of Shock by Vehumet.
 10181 | D:8      | Reached XP level 10. HP: 61/61 MP: 11/11
 10199 | D:8      | Found a staircase to the Lair.
 10295 | D:8      | Reached skill level 5 in Long Blades
 10378 | D:9      | Found a stormy altar of Qazlal.
 10429 | D:9      | Found a transporter.
 10429 | D:9      | Noticed a five-headed hydra
 10543 | D:9      | Found a transporter.
 10770 | D:9      | Offered knowledge of Stone Arrow by Vehumet.
 11000 | D:9      | HP: 3/61 [troll (10)]
 11294 | D:9      | Found a shattered altar of Ashenzari.
 11309 | D:9      | Found a shattered altar of Ashenzari.
 11357 | D:9      | Reached *** piety under Vehumet
 11395 | D:9      | Reached skill level 1 in Fire Magic
 11405 | D:9      | Reached skill level 1 in Spellcasting
 11610 | D:9      | Found a shimmering altar of Xom.
 11700 | D:9      | Reached skill level 1 in Conjurations
 11746 | D:9      | Noticed Grum
 11749 | D:9      | Offered knowledge of Force Lance by Vehumet.
 11749 | D:9      | Reached skill level 1 in Evocations
 11780 | D:9      | Killed Grum
 12109 | D:10     | Entered Level 10 of the Dungeon
 12307 | D:10     | Found a portal to a secret trove of treasure.
 12392 | D:10     | Reached XP level 11. HP: 54/67 MP: 13/13
 13132 | D:11     | Reached **** piety under Vehumet
 13622 | D:11     | Offered knowledge of Yara's Violent Unravelling by Vehumet.
 14103 | D:12     | Noticed a green ugly thing
 14121 | D:12     | Killed a red ugly thing
 14399 | D:12     | Reached skill level 5 in Armour
 14413 | D:12     | Found a staircase to the Orcish Mines.
 14828 | D:12     | Found Teorphaoq's Book Shoppe.
 15126 | Orc:1    | Entered Level 1 of the Orcish Mines
 15126 | Orc:1    | Found Cusiukem's General Store.
 15126 | Orc:1    | Noticed an orc knight
 15126 | Orc:1    | Noticed an ettin
 15786 | Orc:1    | You are sucked into a shaft!
 15786 | Orc:2    | Entered Level 2 of the Orcish Mines
 15839 | Orc:2    | Noticed an orc knight
 15846 | Orc:2    | Noticed an orc sorcerer
 15848 | Orc:2    | Noticed an orc knight
 15848 | Orc:2    | Paralysed by an orc sorcerer for 7 turns
 15850 | Orc:2    | Shot with a bolt by an orc warrior

Skill      XL: |  1  2  3  4  5  6  7  8  9 10 11 |
---------------+----------------------------------+-----
Dodging        | 4 5 6 7 8 |  8.9
Maces & Flails | 4 |  4.1
Short Blades   | 1 2 3 4 6 7 |  7.2
Stealth        | 3 4 5 6 7 |  7.6
Fighting       | 4 5 6 7 8 |  8.3
Armour         | 1 3 4 5 |  5.0
Throwing       | 1 2 4 |  4.2
Long Blades    | 4 6 8 |  8.5
Fire Magic     | 1 |  1.1
Spellcasting   | 1 2 |  2.1
Conjurations   | 1 |  1.7
Evocations     | 1 |  1.8

Action                   |  1- 3 |  4- 6 |  7- 9 | 10-12 || total
-------------------------+-------+-------+-------+-------++-------
Melee: Dagger            |    49 |   228 |   437 |       ||   714
       Kick              |    15 |    52 |   204 |   163 ||   434
       Mace              |     2 |       |       |       ||     2
       Peck              |     6 |    32 |   110 |   102 ||   250
       Falchion          |       |       |   119 |   408 ||   527
 Fire: Blowgun           |       |       |    26 |    20 ||    46
 Cast: Flame Tongue      |       |       |     2 |    26 ||    28
 Abil: Fly               |       |     1 |       |       ||     1
       Evoke Invisibilit |       |       |     1 |     5 ||     6
  Use: Potion            |       |     3 |     1 |     3 ||     7
       Scroll            |       |     1 |     3 |    11 ||    15
 Stab: Sleeping          |     4 |     1 |    12 |    14 ||    31
       Invisible         |       |       |     1 |    14 ||    15
       Distracted        |       |       |       |     1 ||     1
  Eat: Chunk             |       |     8 |    18 |    20 ||    46
       Ration            |       |       |     1 |       ||     1
Armor: Robe              |     6 |    25 |       |       ||    31
       Leather armour    |       |     1 |    47 |    44 ||    92
Dodge: Dodged            |    31 |   169 |   352 |   401 ||   953
Block: Other             |       |       |    13 |    95 ||   108
       Reflection        |       |       |     1 |    10 ||    11
       Rpst.: Falchion   |       |       |    26 |   109 ||   135
